 Dungeon Crawl Stone Soup version 0.24.0-37-gcf1ca852f1 (webtiles) character file.

Game seed: 9605609408483374862, levelgen mode: deterministic

63 Delamore the Chopper (level 4, -3/39 HPs)
             Began as a Hill Orc Fighter on Nov 22, 2019.
             Was an Initiate of Qazlal.
             Slain by a gnoll
             ... wielding a +0 spear
              (5 damage)
             ... on level 2 of the Dungeon.
             The game lasted 00:01:56 (1151 turns).

Delamore the Chopper (Hill Orc Fighter)             Turns: 1151, Time: 00:01:56

Health: -3/39      AC:  6    Str: 19    XL:     4   Next: 10%
Magic:  13/13      EV:  7    Int:  8    God:    Qazlal [......]
Gold:   118        SH:  9    Dex: 10    Spells: 3/3 levels left

rFire    + . .     SeeInvis .   a - +0 war axe
rCold    . . .     Gourm    .   c - +0 shield
rNeg     . . .     Faith    .   b - +0 scale mail
rPois    .         Spirit   .   (no helmet)
rElec    .         Reflect  .   (no cloak)
rCorr    .         Harm     .   (no gloves)
MR       .....                  (no boots)
Stlth    ..........             (no amulet)
HPRegen  0.13/turn              n - ring of magical power
MPRegen  0.13/turn              o - ring of protection from fire

@: lethally poisoned (-3 -> -4)
A: no striking features
a: Renounce Religion


You were on level 2 of the Dungeon.
You worshipped Qazlal.
Qazlal was noncommittal.
You were not hungry.

You visited 1 branch of the dungeon, and saw 2 of its levels.

You collected 118 gold pieces.

Inventory:

Hand Weapons
 a - a +0 war axe (weapon)
Missiles
 j - 24 poisoned darts (quivered)
Armour
 b - a +0 scale mail (worn)
 c - a +0 shield (worn)
Jewellery
 n - a ring of magical power (left hand)
 o - a ring of protection from fire (right hand)
Scrolls
 g - 3 scrolls of identify {unknown}
 h - a scroll of immolation {unknown}
 k - a scroll of amnesia {unknown}
 l - 2 scrolls of blinking {unknown}
 p - 2 scrolls of teleportation {unknown}
 r - a scroll of fog {unknown}
Potions
 d - 2 potions of might
 e - a potion of haste {unknown}
 i - 2 potions of mutation {unknown}
 m - a potion of ambrosia {unknown}
 q - a potion of lignification {unknown}
 s - a potion of agility {unknown}
Comestibles
 f - 2 rations


   Skills:
 - Level 3.6 Fighting
 + Level 5.7 Axes
 - Level 3.2 Armour
 - Level 3.2 Shields


You had 3 spell levels left.
You didn't know any spells.
Your spell library was empty.

Dungeon Overview and Level Annotations

Branches:
Dungeon (2/15)

Altars:
Elyvilon
Qazlal
Ru
Yredelemnul


Message History

You are too injured to fight recklessly!
Unknown command.
You are too injured to fight recklessly!
You are too injured to fight recklessly!
You block the adder's attack. The gnoll hits you with a +0 flail.
The gnoll barely misses you. The gnoll hits you with a +0 whip.
* * * LOW HITPOINT WARNING * * *
The adder bites you.
* * * LOW HITPOINT WARNING * * *
You are poisoned.
The adder poisons you!
You feel sick.
The gnoll hits you from afar with a +0 spear.
* * * LOW HITPOINT WARNING * * *
You block the gnoll's attack. The adder bites you but does no damage.
The gnoll barely misses you.
* * * LOW HITPOINT WARNING * * *
You feel sick. The gnoll barely misses you.
The gnoll hits you from afar with a +0 spear.
You die...

≈≈≈≈P≈P≈≈≈≈♣..#
≈≈≈≈≈≈≈≈P≈♣...##
≈≈♣P≈≈≈≈≈P.....#
♣...≈PP≈♣......#
.........%.....#
........g......##
......g.g.......#
........g.......#
≈......@S.....#.#
P#...........##.#
##############.#
## ##_## #.## #.
##...##
#..######.
#8.#.8#
##.##..##.
##.[.## #.#...#..
##.## ##........
#'#♣###
#..#####.#


You could see 4 gnolls and an adder.

Vanquished Creatures
  2 adders (D:2)
  3 dart slugs (D:1)
  A worm (D:2)
  6 bats
  4 giant cockroaches (D:1)
  4 goblins (D:1)
  4 hobgoblins
  A quokka (D:2)
  4 frilled lizards (D:1)
  7 kobolds
36 creatures vanquished.

Notes
Turn   | Place    | Note
-------+----------+-------------------------------------------
     0 | D:1      | Delamore the Hill Orc Fighter began the quest for the Orb.
     0 | D:1      | Reached XP level 1. HP: 19/19 MP: 1/1
    92 | D:1      | Reached skill level 3 in Axes
   108 | D:1      | Reached XP level 2. HP: 21/26 MP: 2/2
   217 | D:1      | Reached skill level 4 in Axes
   468 | D:1      | Reached XP level 3. HP: 21/31 MP: 3/3
   844 | D:2      | Reached skill level 5 in Axes
   947 | D:2      | Reached XP level 4. HP: 30/39 MP: 4/4
  1010 | D:2      | Found a white marble altar of Elyvilon.
  1012 | D:2      | Found a stormy altar of Qazlal.
  1035 | D:2      | Became a worshipper of Qazlal Stormbringer
  1076 | D:2      | Found a sacrificial altar of Ru.
  1087 | D:2      | Found a basalt altar of Yredelemnul.
  1151 | D:2      | Slain by a gnoll

Levels and vault maps discovered:
D:1:      evilmike_arrival_rings, layout_loops_cross, minmay_unequal
D:2:      minmay_kobold_bridge, layout_rooms, amethyst_overflow_temple_binary,
          chequers_temple_overflow_statue_of_worship, serial_bayou,
          serial_bayou_shore_a, serial_bayou_shore_b, serial_bayou_crossing,
          serial_bayou_lagoon_b

Skill      XL: |  1  2  3 |
---------------+----------+-----
Axes           | 3 4 5 |  5.7
Fighting       | |  3.6
Armour         | |  3.2
Shields        | |  3.2

Action                   |  1- 3 |  4- 6 || total
-------------------------+-------+-------++-------
Melee: War axe           |    93 |    10 ||   103
  Eat: Chunk             |       |     1 ||     1
Armor: Scale mail        |    45 |     6 ||    51
Dodge: Dodged            |    30 |     8 ||    38
Block: Shield            |    60 |    11 ||    71
